Zazza, neutral female human Tourist -------- ------- |......| ----- |.....| -------- |.......### #....| |.....|########+......| ---.---- # ###|...| |.....|# # |......| ## ###------- # |...| |.....|# ###|......| # #+......#########|....# |.....|# #.......| # |.....| # |...|# --B----# -------- ------########.......## |...|##########@#### ------ |....|# ------- -----# ### |....| |....|################################ # |....-####|....|# # # |....| # #.....|# ### # ------ ###|....|# # -.--- #|.<..|# ##+...| ---- #------# |>..| |..| ######## |...| |..| ----- ---- # Zazza the Rambler Experience level: 1 Strength: 11 Dexterity: 12 Constitution: 15 Intelligence: 11 Wisdom: 11 Charisma: 18 Health: 0(10) Energy: 3(3) Def: 3 Gold: 109 Moves: 2077 Dungeon seed: c2KavJTV3r-JWfPm Game ID: Zazza_1619248134 Your Inventory: Coins $ - 109 gold pieces Weapons a - 36 +2 darts Armor e - an uncursed +0 Hawaiian shirt (being worn) y - a blessed +1 pair of high boots (being worn) N - an uncursed +0 pair of water walking boots Comestibles b - 4 uncursed food rations c - an uncursed carrot d - 2 uncursed eggs f - 3 uncursed tripe rations i - an uncursed slime mold r - an uncursed tripe ration v - 2 uncursed pancakes B - an uncursed cream pie D - 3 uncursed food rations J - an uncursed apple Q - 4 uncursed eggs R - 2 uncursed tripe rations U - an uncursed lichen corpse V - 2 uncursed tins of acid blob Scrolls w - an uncursed scroll of teleportation H - an uncursed scroll of enchant armor Potions j - 2 uncursed potions of extra healing E - an uncursed potion of confusion Wands t - a wand of undead turning (0:4) Tools m - an expensive camera (0:79) n - an uncursed credit card F - an uncursed stethoscope Spells and supernatural/magical abilities: Name Level Category Fail Memory h - healing 1 healing 36% 96% W - pray for help -- divine ? -- Your skills at the end: Fighting Skills Weapon Skills dart [Basic] Spellcasting Skills Final Attributes: You were stridently aligned. You are dead. Vanquished creatures: a brown mold a red mold a gecko 9 jackals 2 foxes 3 kobolds a goblin 2 sewer rats 7 grid bugs a bat 4 lichens a kobold zombie 4 newts 37 creatures vanquished. Voluntary challenges: You never hit with a wielded weapon. You read items or engraved 13 times, starting on turn 346. You never genocided any monsters. You never polymorphed an object. You never changed form. You used no wishes. You never split a pudding. You wrote Elbereth's name 3 times, starting on turn 1657. You never violated your personal moral code. Dungeon overview: The Dungeons of Doom: levels 1 to 5 Level 1 a long staircase Level 2 a general store, an altar to Blind Io, a fountain Level 3 a delicatessen, a fountain Level 4 a general store a long staircase Level 5 <- You were here a potion shop History has recorded: On T:1 you entered the Dungeons of Doom to retrieve the Amulet of Yendor! On T:430 you reached level 2 of The Dungeons of Doom. On T:1162 you reached level 3 of The Dungeons of Doom. On T:1726 you reached level 4 of The Dungeons of Doom. On T:2045 you reached level 5 of The Dungeons of Doom. Score breakdown: Gold: 0 ( 0 points) Experience: 1 level ( 0 points) Exploration: 5 levels ( 10.42%) ( 8751 points) Discoveries: 9 items ( 3.02%) ( 5213 points) Valuables value: (no points given unless you survive) Artifact value: 0 ( 0 points) Variety of kills: 13 monsters ( 3.41%) ( 5541 points) Turncount: 2077 turns ( -56 points) Survival: died (score multiplied by 80%) Total score: 15559 Latest messages: V - 2 tins. The cave spider bites! You write in the dust with your fingers. The cave spider bites! You wipe out the message that was written in the dust here. You write in the dust with your fingers. The cave spider misses. You wipe out the message that was written in the dust here. You write in the dust with your fingers. The cave spider turns to flee! As you read the scroll, it disappears. A map coalesces in your mind! You stop running. The giant bat bites! You die... Final status: Aloha Zazza the Tourist, killed by a giant bat... You died in The Dungeons of Doom on dungeon level 5 with 15559 points, and 109 pieces of gold, after 2077 moves. You were level 1 with a maximum of 10 hit points when you died.